 Dungeon Crawl Stone Soup version 0.26.1-11-gd32895ea62 (webtiles) character file.

Game seed: 18045523992775742722

208 bnorton916 the Chiller (level 5, -2/34 (35) HPs)
             Began as a Barachi Ice Elementalist on June 8, 2021.
             Slain by a phantom (7 damage)
             ... on level 5 of the Dungeon.
             The game lasted 00:07:51 (3807 turns).

bnorton916 the Chiller (Barachi Ice Elementalist)   Turns: 3807, Time: 00:07:51

HP:   -2/34 (35)    AC:  2    Str:  9    XL:     5   Next: 86%
MP:   9/11          EV:  8    Int: 16    God:
Gold: 39            SH:  0    Dex:  9    Spells: 1/12 levels left

rFire    . . .     SeeInvis .   c - +1 short sword
rCold    . . .     Faith    .   (no shield)
rNeg     . . .     Spirit   .   a - +0 robe
rPois    .         Reflect  .   (no helmet)
rElec    .         Harm     .   (no cloak)
rCorr    .         Rampage  .   (no gloves)
Will     .....                  (no boots)
Stlth    ++........             (no amulet)
HPRegen  0.11/turn              b - -4 ring of dexterity (curse)
MPRegen  0.12/turn              e - -4 ring of evasion (curse)

@: lightly drained, slow
A: +LOS, swims, slowness 1, strong legs 1
a: Hop


You were on level 5 of the Dungeon.
You visited 1 branch of the dungeon, and saw 5 of its levels.

You collected 208 gold pieces.
You spent 169 gold pieces at shops.

Inventory:

Hand Weapons
 c - a +1 short sword (weapon)
Armour
 a - a +0 robe (worn)
Jewellery
 b - a cursed -4 ring of dexterity (left hand)
 e - a cursed -4 ring of evasion (right hand)
 h - an uncursed ring of poison resistance {unknown}
Scrolls
 i - a scroll of magic mapping
 k - 2 scrolls of identify
 l - a scroll of amnesia
 m - a scroll of remove curse {unknown}
Potions
 f - a potion of mutation {unknown}
 g - 2 potions of curing


   Skills:
 - Level 2.1 Dodging
 - Level 1.7 Stealth
 + Level 4.4 Spellcasting
 + Level 6.8 Ice Magic


You had one spell level left.
You knew the following spells:

 Your Spells              Type           Power        Failure   Level
a - Freeze                Ice            100%         1%          1
b - Frozen Ramparts       Ice            50%          3%          3
c - Ozocubu's Armour      Ice            25%          3%          3
d - Hailstorm             Conj/Ice       14%          36%         4

Your spell library contained the following spells:

 Spells                   Type           Power        Failure   Level
 Summon Ice Beast         Ice/Summ       14%          36%         4


Dungeon Overview and Level Annotations

Branches:
Dungeon (5/15)
 Temple: D:4-7

Altars:
Trog

Shops:
D:4 !


Innate Abilities, Weirdness & Mutations

You can be seen from farther away. (+LOS)
You can swim through water.
You cover ground slowly.
You can hop short distances.


Message History

You climb downwards.
A worker ant and a phantom come into view.
Your magical contamination has completely faded away.
Found a scroll labelled LIN TIWKOHE and a thin runed staff.
There is a stone staircase leading up here.
Found a fluorescent wand.
Casting: Freeze (safe; 1% risk of failure)
Confirm with . or Enter, or press ? or * to list all spells.
Casting: Frozen Ramparts (dangerous; 3% risk of failure)
Press: ? - help, Dir - look around, f - activate The walls around you are covered in ice.
The phantom completely resists.
The wall freezes the phantom but does no damage.
The phantom blinks!
The frozen ramparts melt away.
You miss the phantom. The phantom hits you.
* * * LOW HITPOINT WARNING * * *
A bullfrog skeleton comes into view.
You barely miss the phantom. The phantom hits you!
You die...

#.....# ...#
...... ....#
...|.###...
#####........
........Z..######
B.....?..........
#<# #W# #@# #.#
..# ##.. ... ##.#
.. #. ./


You could see a phantom and a bullfrog skeleton (wandering).

Vanquished Creatures
  A hound (D:4)
  Natasha (twice) (D:4)
  4 adders
  An ooze (D:1)
  A worm (D:2)
  2 dart slugs
  4 leopard geckos
  3 orcs (D:4)
  4 giant cockroaches
  6 goblins
  9 hobgoblins
  7 jackals
  A quokka (D:2)
  3 bats
  4 frilled lizards
  12 kobolds
  14 rats
78 creatures vanquished.

Notes
Turn   | Place    | Note
-------+----------+-------------------------------------------
     0 | D:1      | bnorton916 the Barachi Ice Elementalist began the quest for
                  | the Orb.
     0 | D:1      | Reached XP level 1. HP: 13/13 MP: 3/3
   275 | D:1      | Reached skill level 5 in Ice Magic
   351 | D:1      | Reached XP level 2. HP: 14/19 MP: 0/5
  1203 | D:1      | Reached XP level 3. HP: 24/24 MP: 5/7
  1441 | D:2      | Learned a level 3 spell: Frozen Ramparts
  1445 | D:2      | Learned a level 3 spell: Ozocubu's Armour
  1980 | D:2      | Reached XP level 4. HP: 30/30 MP: 5/9
  2249 | D:2      | Noticed a moth of wrath
  2252 | D:2      | Found a bloodstained altar of Trog.
  2480 | D:3      | Reached skill level 6 in Ice Magic
  2796 | D:3      | Found a faded altar of an unknown god.
  3279 | D:4      | Found Kely's Distillery.
  3290 | D:4      | Bought 2 potions of heal wounds for 130 gold pieces
  3315 | D:4      | Bought a potion of curing for 39 gold pieces
  3333 | D:4      | Reached XP level 5. HP: 32/35 MP: 4/11
  3404 | D:4      | Learned a level 4 spell: Hailstorm
  3479 | D:4      | Noticed an ogre
  3494 | D:4      | Noticed Natasha
  3504 | D:4      | Killed Natasha
  3557 | D:4      | Noticed Natasha
  3570 | D:4      | Killed Natasha
  3792 | D:5      | Entered Level 5 of the Dungeon
  3792 | D:5      | Noticed a phantom
  3807 | D:5      | Slain by a phantom

Illustrated notes

Levels and vault maps discovered:
D:1:      dpeg_arrival_rooms_b, layout_loops_cross
D:2:      layout_loops_ring, tgw_trog
D:3:      minmay_skewed_foursquare, layout_basic,
          chequers_ecumenical_altar_lobes
D:4:      layout_cave_pools, serial_shops, shop, uniq_natasha
D:5:      layout_basic, gammafunk_temple_overflow_pools, temple_statues,
          ebering_ghost_sewer_f, serial_park_tiny_2, uniq_sigmund

Skill      XL: |  1  2  3  4 |
---------------+-------------+-----
Ice Magic      | 5 6 |  6.8
Spellcasting   | 3 4 |  4.4
Dodging        | |  2.1
Stealth        | |  1.7

Action                   |  1- 3 |  4- 6 || total
-------------------------+-------+-------++-------
Melee: Unarmed           |     6 |       ||     6
       Short sword       |     9 |    13 ||    22
 Cast: Freeze            |    54 |    42 ||    96
       Frozen Ramparts   |     1 |     8 ||     9
 Abil: Hop               |       |     1 ||     1
  Use: Scroll            |     3 |     4 ||     7
       Potion            |       |     4 ||     4
Armor: Robe              |    12 |    14 ||    26
Dodge: Dodged            |    28 |    33 ||    61
